 Dungeon Crawl Stone Soup version 0.31-a0-516-gfcb59812bd (webtiles) character file.

Game seed: 6628559576090419346

12 GordonOverkill the Sneak (level 2, -6/16 HPs)
             Began as a Vine Stalker Delver on Aug 10, 2023.
             Mangled by an ogre
             ... wielding a +0 giant club
              (12 damage)
             ... on level 4 of the Dungeon.
             The game lasted 00:02:37 (332 turns).

GordonOverkill the Sneak (Vine Stalker Delver)       Turns: 332, Time: 00:02:38

Health: -6/16      AC:  3    Str: 14    XL:     2   Next: 33%
Magic:  0/3        EV: 11    Int: 10    God:
Gold:   13         SH:  0    Dex: 15    Spells: 1/1 levels left

rFire   . .          .
                       - Unarmed
rCold   . . .        (no shield)
rNeg    . . .        a - +0 leather armour
rPois   .            (no helmet)
rElec   .            (no cloak)
rCorr   .            (no gloves)
SInv    .            (no boots)
Will    .....        (no amulet)
Stlth   +++          (no ring)
HPRegen 0.22/turn    (no ring)
MPRegen 0.08/turn

%: guardian spirit
@: no status effects
A: fangs 2, magic shield, antimagic bite, no potion heal 2
a: no special abilities


You were on level 4 of the Dungeon.
You visited 1 branch of the dungeon, and saw 3 of its levels.

You collected 13 gold pieces.

Inventory:

Missiles
 i - 3 poisoned darts
Armour
 a - a +0 leather armour (worn)
Wands
 e - a wand of charming (5)
 f - a wand of digging (3)
Scrolls
 b - a scroll of fog
 c - a scroll of revelation
 d - a scroll of fear
 g - a scroll of immolation {unknown}
 h - 2 scrolls of identify {unknown}
 j - a scroll of amnesia {unknown}
 k - a scroll of teleportation {unknown}


   Skills:
 - Level 2.6 Fighting
 + Level 1.1 Throwing
 - Level 1.5 Dodging
 - Level 6.0 Stealth
 + Level 2.5 Unarmed Combat


You had one spell level left.
You didn't know any spells.
Your spell library contained the following spells:

 Spells                   Type           Power      Damage    Failure   Level
 Kiss of Death            Conj/Necr      0%         2d5       43%         1
 Confusing Touch          Hex            0%         N/A       82%         3
 Dazzling Flash           Conj/Hex       0%         N/A       82%         3
 Volatile Blastmotes      Fire/Tloc      0%         2d10      82%         3
 Dispel Undead            Necr           0%         3d6       99%         4
 Starburst                Conj/Fire      0%         6d3       100%        6
 Maxwell's Capacitive Co  Air            0%         ∞         100%        8


Dungeon Overview and Level Annotations

Branches:
Dungeon (6/15)
 Temple: D:4-7

Altars:

Annotations:
D:4 exclusion: ogre


Innate Abilities, Weirdness & Mutations

You have extremely sharp teeth.
When hurt, damage is shared between your health and your magic reserves.
Your bite disrupts and absorbs the magic of your enemies.
Potions cannot restore your health.


Message History

The iguana misses you.
You hit the iguana but do no damage.
The iguana is lightly wounded.
The iguana misses you.
You hit the iguana.
The iguana is lightly wounded.
The iguana bites you!
* * * LOW HITPOINT WARNING * * *
Aiming: Charm
Press: ? - help, Shift-Dir - straight line, f - iguana
Aim: an iguana (lightly wounded, chance to affect: 57%)
The iguana resists with significant effort.
The iguana misses you.
Aiming: Charm
Press: ? - help, Shift-Dir - straight line, f/p - iguana
Aim: an iguana (lightly wounded, chance to affect: 57%)
The iguana is charmed.
What are your orders? t - Shout!
Orders for allies: a - Attack new target. p - Attack previous target. r - Retreat! s - Stop attacking. g - Guard the area. f - Follow me.
Anything else - Cancel.
Gang up on whom?
Press: ? - help, Dir - move target, f - ogre, p - iguana
Aim: an ogre, wielding a +0 giant club (asleep) Attack!
The ogre shouts!
You hear a shout!
The ogre closely misses your iguana.
Your iguana completely misses the ogre.
The ogre barely misses your iguana.
Your iguana bites the ogre.
Your iguana bites the ogre.
Your iguana bites the ogre.
A kobold comes into view. It is wielding a +0 short sword.
Something bites the ogre!
You hit the ogre.
The ogre is severely wounded.
The kobold barely misses your iguana. The ogre hits you with a +0 giant club!
Ouch! That really hurt!
You die...

..## ####..# #
#..##.##.# ...#..#.#
##..#....# ##K.##.>#
#. .#.l##...#
.#.#..O....####
##+..##.@##.....#
##.....####..###.#
##...........####.#
##.......######.##.#
#.........####...#.#
+.....>...'........#
#......[..####...#.##
##.......###.†...†..#
##.....## #.#####..#


You could see an ogre (ally target), a kobold and a friendly iguana (charmed).

Vanquished Creatures
  An adder (D:4)
  A ball python (D:4)
  An endoplasm (D:4)
3 creatures vanquished.

Notes
Turn   | Place    | Note
-------+----------+-------------------------------------------
     0 | D:5      | GordonOverkill the Vine Stalker Delver began the quest for
                  | the Orb.
     0 | D:5      | Reached XP level 1. HP: 11/11 MP: 2/2
    53 | D:6      | Noticed a bullfrog
    90 | D:4      | Noticed a yak
    90 | D:4      | Noticed a yak
    90 | D:4      | Noticed a yak
   115 | D:4      | Reached skill level 1 in Throwing
   115 | D:4      | Reached XP level 2. HP: 8/16 MP: 3/3
   287 | D:4      | Noticed an ogre
   332 | D:4      | Mangled by an ogre

Illustrated notes

Levels and vault maps discovered:
D:4:      layout_loops_corners, minmay_close_crescents
D:5:      layout_rooms, mainiacjoe_overflow_catwalk, temple_statues
D:6:      layout_loops_ring

Skill      XL: |  1 |
---------------+----+-----
Throwing       | 1 |  1.1
Fighting       | |  2.6
Dodging        | |  1.5
Stealth        | |  6.0
Unarmed Combat | |  2.5

Action                     || total
---------------------------++-------
  Melee: Unarmed           ||    18
         Bite              ||     2
         Punch             ||     1
  Evoke: Wand              ||     2
    Use: Potion            ||     1
   Stab: Sleeping          ||     3
 Armour: Leather armour    ||     1
  Dodge: Dodged            ||    11

Table legend: (Time is in decaauts)
 A = Elapsed time spent in this place.
 B = Non-inter-level travel time spent in this place.
 C = Inter-level travel time spent in this place.
 D = Time resting spent in this place.
 E = Time spent auto-exploring this place.
 F = Levels seen in this place.
 G = Mean time per level.
                   A        B        C        D        E       F      G
               +--------+--------+--------+--------+--------+-----+--------+
         Total |    312 |    312 |      0 |    133 |      0 |   3 |  104.0 |
       Dungeon |    312 |    312 |      0 |    133 |      0 |   3 |  104.0 |
               +--------+--------+--------+--------+--------+-----+--------+

Top non-repeatable levels by time:
     D:4: 229 daAuts
     D:6: 49 daAuts
     D:5: 32 daAuts
